 Dungeon Crawl Stone Soup version 0.16-a0-3272-g378764d (webtiles) character file.

233 LogicNinja the Cudgeler (level 5, -1/38 HPs)
             Began as a Demonspawn Gladiator on Feb 3, 2015.
             Killed from afar by an orc wizard (6 damage)
             ... with a magic dart
             ... on level 3 of the Dungeon.
             The game lasted 00:02:57 (2629 turns).

LogicNinja the Cudgeler (Demonspawn Gladiator)      Turns: 2629, Time: 00:02:57

Health: -1/38      AC:  6    Str: 17    XL:     5   Next: 75%
Magic:  5/5        EV: 12    Int:  9    God:
Gold:   172        SH:  0    Dex: 15    Spells: 0 memorised, 4 levels left

rFire  . . .     SeeInvis .     a - +1 dagger (elec)
rCold  + . .     Clarity  .     m - +0 ring mail
rNeg   . . .     SustAb   .     (no shield)
rPois  .         Gourm    .     c - +0 helmet
rElec  .         Spirit   .     (no cloak)
rCorr  .         Warding  .     (no gloves)
rMut   .         Stasis   .     (no boots)
MR     .....                    (no amulet)
Stlth  +.........               (no ring)
                                (no ring)

@: not resistant to hostile enchantments, very unstealthy
A: talons 2, cold resistance 1, spiny 1, strong 1, wild magic 1
a: no special abilities


You were on level 3 of the Dungeon.
You were not hungry.

You visited 1 branch of the dungeon, and saw 3 of its levels.

You collected 172 gold pieces.

Inventory:

Hand weapons
 a - a +1 dagger of electrocution (weapon)
 b - a +0 flail
Missiles
 d - 3 throwing nets (quivered)
Armour
 c - a +0 helmet (worn)
 m - a +0 ring mail (worn)
Scrolls
 g - a scroll of remove curse {unknown}
 h - a scroll of immolation {unknown}
 i - 3 scrolls of teleportation
 k - a scroll of amnesia {unknown}
 l - a scroll of fear {unknown}
 q - a scroll of random uselessness {unknown}
 r - 2 scrolls of magic mapping {unknown}
 t - 3 scrolls of enchant weapon {unknown}
Potions
 e - 2 potions of curing
 o - a potion of restore abilities
Comestibles
 f - 2 bread rations
 s - a slice of pizza


   Skills:
 - Level 2.0 Fighting
 * Level 5.4 Maces & Flails
 - Level 1.7 Throwing
 - Level 2.0 Armour
 - Level 2.6 Dodging


You had 4 spell levels left.
You didn't know any spells.

Dungeon Overview and Level Annotations

Branches:
Dungeon (3/15)

Altars:
Kikubaaqudgha
Ru
Sif Muna
Trog


Innate Abilities, Weirdness & Mutations

You have razor-sharp toenails.
You are partially covered in sharp spines.
Your flesh is cold resistant.
Your muscles are strong. (Str +2)
Your spells are a little harder to cast, but a little more powerful.


Message History

The orc wizard is severely wounded.
The orc wizard gestures wildly while chanting.
The orc wizard blinks!
The orc wizard hits you but does no damage.
Unknown command.
You closely miss the orc wizard. Your kick misses the orc wizard.
The orc wizard is severely wounded.
The orc wizard hits you but does no damage.
The orc wizard casts a spell.
The orc wizard seems to speed up.
Unknown command.
You closely miss the orc wizard. You claw the orc wizard.
The orc wizard is almost dead.
The orc wizard hits you but does no damage.
The orc wizard gestures at you while chanting.
The magic dart hits you!
* * * LOW HITPOINT WARNING * * *
The orc wizard gestures at you while chanting.
The magic dart hits you!
You die...

##### #.ยง.# #โ‰ˆโ‰ˆโ‰ˆ# #######
#o..# #.....#### #.@.#
#.....##.## ## ###o###
#.....#...# #.. #.8.8.#
#.....#...# #..# ###.._..#
#.....#...## ....#### ##.##...##
#.....#..... .......#
#...##.##..#.....#...##
.......####..........#.........##
..(......##..........###..#....##
....#..#.............# #..#.#.###


You could see 2 orc wizards.

Vanquished Creatures
  Sigmund (D:2)
  Robin (D:2)
  6 adders
  A giant mite (D:1)
  2 worms
  2 giant geckos
  2 orcs (D:3)
  12 bats
  16 goblins
  5 hobgoblins
  2 quokkas (D:3)
  A ball python (D:3)
  5 giant cockroaches
  4 giant newts
  6 kobolds
  14 rats
80 creatures vanquished.

Notes
Turn   | Place    | Note
--------------------------------------------------------------
     0 | D:1      | LogicNinja, the Demonspawn Gladiator, began the quest for the Orb.
     0 | D:1      | Reached XP level 1. HP: 16/16 MP: 1/1
    48 | D:1      | Reached skill level 3 in Maces & Flails
   341 | D:1      | Gained mutation: You have sharp toenails. [demonic ancestry]
   341 | D:1      | Reached XP level 2. HP: 17/22 MP: 2/2
  1092 | D:1      | Reached XP level 3. HP: 27/27 MP: 3/3
  1242 | D:2      | Reached skill level 4 in Maces & Flails
  1242 | D:2      | Reached skill level 1 in Armour
  1273 | D:2      | Found a bloodstained altar of Trog.
  1348 | D:2      | Noticed Sigmund
  1497 | D:2      | Killed Sigmund
  1497 | D:2      | Reached XP level 4. HP: 31/33 MP: 4/4
  1497 | D:2      | Gained mutation: You are partially covered in sharp spines. [demonic ancestry]
  1497 | D:2      | Reached XP level 5. HP: 35/38 MP: 5/5
  1527 | D:2      | Noticed Robin
  1560 | D:2      | Killed Robin
  2045 | D:2      | Found an ancient bone altar of Kikubaaqudgha.
  2052 | D:2      | Reached skill level 5 in Maces & Flails
  2086 | D:2      | Found a sacrificial altar of Ru.
  2452 | D:3      | Gained mutation: Your flesh is cold resistant. [potion of mutation]
  2452 | D:3      | Gained mutation: Your muscles are strong. (Str +2) [potion of mutation]
  2452 | D:3      | Gained mutation: Your spells are a little harder to cast, but a little more powerful. [potion of mutation]
  2454 | D:3      | Gained mutation: You have razor-sharp toenails. [potion of beneficial mutation]
  2615 | D:3      | Found a deep blue altar of Sif Muna.
  2629 | D:3      | Killed from afar by an orc wizard

Action                   |  1- 3 |  4- 6 || total
-------------------------+-------+-------++-------
Melee: Flail             |    60 |       ||    60
       Dagger            |    67 |   105 ||   172
  Use: Scroll            |       |     4 ||     4
       Potion            |       |     4 ||     4
  Eat: Chunk             |     2 |     4 ||     6
